Map: 2000 Atmospheres LE

Players

Semper - Winner!

  • Race: Terran Terran

PattyMac

  • Race: Protoss Protoss

Event: DreamHack SC2 Masters 2021 Winter

VOD

Have the link to the VOD?

Description

Time

  • Played on: Oct. 9, 2021, 6:39 p.m.
  • Length: 24:52

All games in this series

Show
View Real Time Build Order
Export as new Build Order

Semper Terran - Winner!

Build Orders: Reaper Expand 

Get SALT Encoding   

  12  0:00  SCV  
  13  0:12  SCV  
  14  0:17  Supply Depot  
  14  0:24  SCV  
  15  0:38  SCV  
  15  0:40  Barracks  
  16  0:44  Refinery  
  16  0:50  SCV  
  17  1:03  SCV  
  18  1:15  SCV  
  19  1:27  Reaper, Orbital Command  
  20  1:39  Command Center  
  20  1:49  Supply Depot  
  20  1:52  SCV  
  21  2:00  Barracks Reactor  
  21  2:04  SCV  
  22  2:08  Refinery  
  22  2:16  SCV  
  22  2:21  Factory  
  23  2:29  SCV  
  24  2:33  Bunker  
  24  2:37  Marine x2  
  24  2:41  SCV  
  27  2:55  Marine x2, Orbital Command  
  27  2:58  SCV  
  29  3:06  Starport  
  29  3:08  Widow Mine  
  29  3:11  SCV  
  32  3:14  Marine x2  
  34  3:21  SCV  
  35  3:29  SCV  
  35  3:31  Factory Tech Lab  
  36  3:36  SCV  
  36  3:37  Marine x2  
  36  3:41  SCV  
  40  3:46  Starport Tech Lab  
  40  3:48  Supply Depot, SCV  
  41  3:50  Siege Tank  
  41  3:53  SCV  
  41  3:55  Refinery, Marine  
  46  4:00  Supply Depot  
  46  4:10  SCV x2, Marine  
  46  4:11  Raven  
  50  4:19  Marine  
  50  4:22  SCV  
  50  4:24  Siege Tank, Barracks  
  52  4:28  SCV, Marine, Barracks  
  57  4:32  Supply Depot  
  57  4:37  SCV  
  58  4:39  Engineering Bay  
  58  4:43  SCV  
  59  4:48  Marine x2  
  59  4:50  SCV  
  62  4:55  Supply Depot, SCV  
  63  5:02  SCV  
  63  5:06  Terran Infantry Weapons Level 1  
  64  5:07  SCV  
  64  5:08  Supply Depot, Marine x2  
  67  5:14  SCV  
  67  5:17  Stimpack  
  67  5:18  Marauder  
  67  5:19  SCV  
  67  5:20  Supply Depot  
  71  5:23  Factory Reactor, Combat Shield, Starport Reactor  
  71  5:25  Marauder  
  71  5:27  SCV  
  74  5:31  SCV, Refinery  
  74  5:32  Marine x2  
  77  5:39  Supply Depot, SCV  
  77  5:41  Marauder  
  80  5:46  Marauder  
  80  5:47  Supply Depot  
  82  5:50  Marine x2  
  84  6:00  Supply Depot, Medivac x2  
  84  6:01  Supply Depot, Widow Mine x2  
  92  6:06  Marauder  
  96  6:15  Marauder, Marine x2  
  98  6:27  Command Center  
  98  6:28  Widow Mine x2  
  102  6:39  Marauder, Marine  
  105  6:42  Concussive Shells  
  105  6:54  Marauder, Marine  
  105  6:56  Medivac x2  
  105  6:57  Widow Mine  
  105  6:59  Widow Mine, Barracks x2  
  105  7:00  SCV  
  105  7:01  Marauder  
  119  7:04  Terran Infantry Armor Level 1  
  119  7:05  SCV  
  120  7:12  SCV  
  121  7:18  Marine  
  121  7:19  Marauder  
  121  7:22  Marauder  
  125  7:25  Supply Depot x2  
  125  7:26  SCV  
  126  7:38  Marine  
  126  7:39  Medivac x2, Marine  
  126  7:40  Marauder  
  126  7:43  Marine  
  135  7:49  Marine  
  137  7:55  Barracks Reactor  
  136  8:00  Armory  
  127  8:14  Marine  
  127  8:15  Marine x2  
  127  8:16  Barracks Reactor  
  127  8:18  Barracks Tech Lab  
  126  8:22  SCV  
  126  8:23  Marine  
  111  8:29  SCV, Orbital Command  
  111  8:31  Marine  
  111  8:32  Marine x2  
  111  8:33  Marauder, Widow Mine x2  
  115  8:40  Medivac x2, Marine  
  115  8:41  Marauder, Marine  
  114  8:43  SCV  
  113  8:49  Marine  
  113  8:50  Marine  
  113  8:51  SCV  
  113  8:54  Marauder  
  113  8:55  SCV  
  119  8:57  Marine  
  119  8:58  Marine  
  119  8:59  Marauder, Widow Mine x2  
  127  9:04  SCV x2  
  127  9:06  Supply Depot x2  
  127  9:07  SCV  
  129  9:18  Missile Turret  
  129  9:23  Marauder, Marine x2  
  130  9:27  Marauder, Marine  
  130  9:28  Marauder, Widow Mine  
  133  9:32  SCV x2  
  133  9:37  Marine  
  131  9:40  Marine  
  131  9:41  Ghost Academy  
  131  9:45  Marauder  
  126  9:49  Marauder x2, Marine  
  119  9:56  Widow Mine x2  
  119  9:58  Marine  
  124  10:01  Marine x2  
  124  10:02  Viking x2  
  124  10:04  Terran Infantry Weapons Level 2, Supply Depot  
  124  10:05  Terran Ship Weapons Level 1, Marine  
  124  10:06  SCV x2  
  133  10:09  Refinery  
  133  10:15  Refinery, Bunker  
  133  10:18  Ghost  
  133  10:19  Missile Turret  
  135  10:23  Widow Mine  
  137  10:34  Ghost x2  
  137  10:35  Viking, Marine x2  
  141  10:42  Marine x2  
  141  10:47  Ghost  
  144  10:53  Marine  
  145  10:59  Marine  
  145  11:00  Widow Mine x2, Viking, Marine x2  
  145  11:03  Ghost  
  156  11:08  Missile Turret  
  156  11:11  Marauder, Marine  
  154  11:16  Marine  
  154  11:17  Marine  
  156  11:20  Marine  
  156  11:31  Ghost  
  156  11:34  Ghost x2  
  156  11:36  Marine x2  
  156  11:37  Enhanced Shockwaves  
  158  11:42  Marine  
  158  11:45  Medivac x2  
  161  11:53  Marine  
  158  11:54  Marine  
  158  12:00  Command Center, Ghost  
  160  12:02  Ghost  
  160  12:05  Marine  
  160  12:06  Marauder  
  165  12:10  Marine  
  165  12:13  Marine  
  165  12:15  Viking x2  
  170  12:22  Marine  
  170  12:27  Marauder, Supply Depot x2, Missile Turret  
  170  12:29  Marauder  
  175  12:32  Marauder  
  175  12:35  Marine x2  
  175  12:36  Marine  
  180  12:40  Marine  
  181  12:48  Marauder  
  181  12:50  Ghost  
  178  12:53  Marine x3  
  177  13:05  Marine  
  171  13:10  Marauder  
  171  13:11  Marauder  
  175  13:15  Marine  
  175  13:16  Marine x2  
  175  13:17  Viking x2  
  175  13:18  Widow Mine x2  
  175  13:19  Marauder  
  184  13:23  Marine  
  182  13:31  Marine  
  182  13:32  Marine  
  182  13:33  Marine x3  
  187  13:36  Terran Infantry Weapons Level 3  
  187  13:40  Marauder  
  187  13:41  Marine  
  187  13:47  Medivac  
  190  13:48  Ghost  
  190  13:50  Marauder  
  190  13:53  Terran Ship Weapons Level 2, Sensor Tower  
  194  13:56  Engineering Bay  
  194  14:00  Marine  
  194  14:01  Medivac, Ghost  
  199  14:08  Missile Turret  
  198  14:11  Sensor Tower  
  198  14:12  Marauder  
  200  14:23  Barracks  
  200  14:24  Barracks  
  196  14:43  Marauder x3  
  179  15:02  Marine x4  
  179  15:04  Marauder, Marine x2  
  161  15:16  Planetary Fortress  
  161  15:20  Marine x4  
  161  15:21  Marine x3  
  159  15:22  Marine  
  159  15:25  Marine  
  159  15:27  Medivac x2  
  155  15:38  Marine x3  
  155  15:40  Marauder x2  
  162  15:43  SCV x2  
  162  15:44  SCV  
  162  15:48  Barracks  
  165  15:52  Marauder, Barracks Tech Lab x2  
  167  15:57  Terran Infantry Armor Level 2, Viking x2  
  167  16:01  Marauder x2  
  175  16:04  Marine  
  175  16:09  Marine  
  177  16:13  Marauder  
  177  16:24  SCV  
  171  16:27  Marine, Viking x2, Ghost  
  178  16:35  Command Center  
  169  16:50  Marauder x4  
  169  16:51  Marine  
  178  16:56  Marauder  
  178  16:57  Viking  
  178  16:58  Marine  
  178  17:01  Barracks Tech Lab  
  181  17:10  Ghost  
  156  17:18  Ghost, Marine x3  
  156  17:21  Marine  
  147  17:27  Marine  
  141  17:31  Medivac  
  141  17:32  Marine x2, Ghost  
  141  17:40  Marine  
  137  17:46  Bunker  
  137  17:48  Medivac, Marine, Ghost  
  142  17:59  Widow Mine  
  142  18:00  Missile Turret  
  142  18:04  Marine  
  142  18:05  Marauder, Marine x5  
  146  18:17  Marine x3  
  141  18:20  Widow Mine  
  141  18:22  Marine x3  
  141  18:23  Marauder x2, Marine  
  150  18:28  Orbital Command  
  150  18:32  Marine  
  151  18:34  Marine  
  151  18:35  Marauder  
  151  18:41  Planetary Fortress  
  154  18:47  Marine x4  
  154  18:48  Marauder  
  158  18:59  Marine, Ghost  
  158  19:00  Liberator  
  162  19:07  Marauder, Marine  
  162  19:09  Medivac  
  162  19:12  Marauder, Marine  
  161  19:23  Marine  
  154  19:26  Marauder  
  154  19:27  Marauder x2  
  154  19:28  Marauder  
  154  19:31  Marine x3  
  158  19:36  Refinery  
  158  19:37  Refinery  
  160  19:39  Viking  
  160  19:42  Marine x3  
  160  19:43  Viking  
  165  19:47  Marine  
  165  19:48  Marauder  
  158  19:53  Marine x2  
  158  19:54  Marauder  
  159  20:06  Marauder, Marine  
  156  20:17  Marine  
  156  20:18  Marauder x4  
  161  20:29  Viking x2  
  161  20:30  Marine  
  160  20:37  Marine  
  161  20:43  SCV x3, Refinery, Orbital Command  
  161  20:44  Refinery  
  161  20:46  Marine  
  165  20:53  Marine  
  165  20:54  Marauder, Marine  
  162  20:58  Marine  
  162  20:59  Marauder  
  162  21:04  SCV  
  166  21:05  Marine x2  
  166  21:10  Marine  
  167  21:12  SCV x2  
  168  21:19  SCV  
  168  21:20  Marine x3  
  168  21:23  Marine x2  
  174  21:29  Marine x2  
  154  21:44  Marine x2  
  154  21:45  Marine  
  154  21:47  Marine x4  
  146  22:10  Orbital Command  
  146  22:11  Marine  
  145  22:18  Marine x5  
  150  22:25  SCV x2  
  150  22:28  SCV  
  152  22:37  SCV x2  
  153  22:50  Ghost x2  
  155  22:57  SCV  
  153  23:03  SCV x3  
  153  23:05  Refinery  
  156  23:07  Missile Turret  
  156  23:09  Marine  
  151  23:25  Marine  
  151  23:26  Marauder  
  121  23:34  Orbital Command  
  89  23:41  Marine x4  
  89  23:42  Marauder  
  89  23:45  Marine x4  
  89  23:46  Marine  
  94  23:57  SCV  
  94  23:59  Marine x4  
  95  24:05  SCV, Marine  
  95  24:06  SCV  
  98  24:13  Marine  
  98  24:15  SCV x2  
  101  24:17  SCV  
  101  24:21  Medivac  
  104  24:29  SCV  
  104  24:30  Marine  
Show
View Real Time Build Order
Export as new Build Order

PattyMac Protoss 

Build Orders: 1 Gate Expand, Blink Stalkers, Colossus Rush 

Get SALT Encoding   

  12  0:00  Probe  
  13  0:12  Probe  
  14  0:18  Pylon  
  14  0:24  Probe (Chrono Boost)  
  15  0:36  Gateway  
  15  0:38  Probe (Chrono Boost)  
  16  0:42  Probe (Chrono Boost)  
  16  0:45  Assimilator  
  17  0:52  Probe  
  18  1:05  Probe  
  19  1:17  Probe  
  20  1:24  Cybernetics Core  
  20  1:30  Nexus  
  20  1:34  Probe  
  21  1:40  Pylon  
  21  1:46  Probe  
  22  1:49  Assimilator  
  22  1:57  Adept (Chrono Boost)  
  22  1:59  Probe (Chrono Boost)  
  22  2:01  Warp Gate  
  25  2:11  Probe (Chrono Boost)  
  26  2:17  Probe (Chrono Boost)  
  26  2:20  Stalker  
  29  2:25  Probe  
  30  2:39  Probe (Chrono Boost)  
  30  2:42  Twilight Council, Probe (Chrono Boost)  
  33  2:54  Gateway, Probe x2 (Chrono Boost)  
  35  3:01  Probe  
  35  3:03  Probe  
  37  3:09  Assimilator  
  37  3:13  Probe  
  37  3:15  Probe  
  37  3:18  Blink (Chrono Boost)  
  39  3:25  Probe  
  38  3:27  Probe  
  39  3:37  Probe  
  39  3:39  Robotics Facility, Probe  
  41  3:47  Nexus  
  41  3:50  Probe  
  41  3:51  Probe  
  41  3:52  Pylon  
  43  3:56  Sentry  
  43  4:02  Probe  
  46  4:04  Pylon  
  46  4:10  Probe  
  46  4:11  Stalker  
  46  4:14  Probe  
  46  4:16  Assimilator  
  50  4:17  Pylon  
  50  4:22  Stalker  
  50  4:23  Probe  
  53  4:26  Probe  
  53  4:27  Observer (Chrono Boost)  
  55  4:35  Probe  
  55  4:36  Stalker  
  55  4:38  Probe  
  59  4:41  Pylon  
  59  4:47  Probe  
  59  4:48  Stalker  
  59  4:52  Probe (Chrono Boost)  
  63  4:53  Observer  
  63  4:59  Probe (Chrono Boost)  
  65  5:03  Observer  
  65  5:05  Probe (Chrono Boost)  
  67  5:08  Probe x2 (Chrono Boost)  
  67  5:11  Robotics Bay  
  67  5:12  Probe (Chrono Boost), Charge  
  69  5:14  Probe x2, Forge  
  69  5:18  Gateway  
  69  5:19  Gateway  
  71  5:22  Gateway  
  71  5:23  Probe  
  71  5:26  Gateway, Probe  
  73  5:31  Immortal (Chrono Boost)  
  73  5:35  Probe  
  78  5:38  Zealot  
  78  5:39  Zealot  
  78  5:42  Pylon  
  82  5:50  Protoss Ground Weapons Level 1  
  82  5:55  Probe x2, Pylon  
  84  5:58  Colossus (Chrono Boost)  
  84  5:59  Shield Battery  
  84  6:04  Sentry  
  92  6:10  Zealot  
  94  6:13  Extended Thermal Lance (Chrono Boost)  
  94  6:15  Shield Battery  
  94  6:16  Pylon  
  94  6:17  Pylon  
  94  6:18  Zealot  
  94  6:19  Zealot  
  98  6:28  Zealot x3  
  98  6:32  Probe  
  105  6:34  Photon Cannon  
  105  6:36  Colossus (Chrono Boost), Shield Battery  
  105  6:39  Pylon  
  111  6:43  Zealot  
  111  6:46  Templar Archives  
  105  6:55  Stalker x2  
  105  7:00  Stalker  
  111  7:01  Zealot x2  
  111  7:05  Pylon  
  111  7:07  Zealot, Pylon  
  117  7:13  Shield Battery  
  117  7:15  Assimilator  
  117  7:18  Sentry  
  117  7:19  Sentry  
  117  7:21  Assimilator  
  117  7:22  Zealot x2  
  125  7:23  Stalker  
  125  7:27  Observer  
  127  7:37  Zealot  
  127  7:41  Pylon  
  127  7:43  Stalker x2  
  133  7:45  Gateway, Zealot x2  
  133  7:46  Gateway  
  137  7:53  High Templar  
  137  7:55  Probe x2  
  139  7:58  Shield Battery  
  139  8:00  Pylon  
  139  8:06  Zealot x4  
  129  8:15  Zealot  
  119  8:24  Probe  
  119  8:25  Colossus  
  105  8:28  Zealot x3  
  105  8:31  Zealot x2, Probe  
  107  8:38  Stalker  
  107  8:40  Probe  
  107  8:41  Probe  
  97  8:43  Probe  
  97  8:47  High Templar  
  98  8:49  High Templar x2  
  98  8:53  Archon  
  98  8:54  Zealot x4, Archon  
  112  8:55  Probe x2 (Chrono Boost)  
  112  8:59  Probe (Chrono Boost)  
  112  9:01  Stalker  
  113  9:05  Probe (Chrono Boost)  
  114  9:14  Stalker x3  
  120  9:17  Zealot  
  120  9:23  Zealot x2  
  126  9:25  Zealot  
  126  9:30  Zealot  
  119  9:34  Probe x3  
  119  9:36  Observer  
  109  9:38  Zealot x3  
  111  9:46  Probe x3  
  111  9:47  Warp Prism (Chrono Boost)  
  116  9:52  Protoss Ground Armor Level 1 (Chrono Boost)  
  116  9:58  Probe x2  
  114  10:00  Probe  
  114  10:03  High Templar x3  
  114  10:04  High Templar  
  123  10:10  Probe, Archon  
  123  10:11  Archon  
  124  10:24  Stalker x2  
  126  10:34  Nexus  
  126  10:35  Pylon  
  120  10:39  Zealot x2, Gravitic Drive (Chrono Boost)  
  120  10:40  Zealot x2  
  128  10:45  Pylon  
  128  10:48  High Templar x2  
  130  10:50  High Templar x2  
  130  10:52  Archon  
  130  10:55  Archon  
  134  10:57  Probe x2  
  134  10:58  Robotics Facility  
  128  11:20  Stalker x6  
  126  11:37  Zealot x2  
  126  11:38  Disruptor (Chrono Boost)  
  131  11:49  Zealot x5  
  131  11:50  Zealot  
  131  11:53  Nexus, Pylon  
  144  11:54  Protoss Ground Weapons Level 2 (Chrono Boost)  
  144  11:59  Disruptor (Chrono Boost)  
  144  12:02  Dark Shrine  
  144  12:03  Probe  
  144  12:04  Probe  
  146  12:10  Colossus (Chrono Boost)  
  150  12:28  Photon Cannon  
  150  12:34  Disruptor (Chrono Boost)  
  150  12:36  Stalker  
  150  12:37  Stalker x3  
  155  12:43  Stalker  
  154  12:52  Zealot x3  
  154  12:58  Observer (Chrono Boost)  
  140  13:07  Warp Prism (Chrono Boost)  
  126  13:18  Stalker  
  128  13:29  Stalker x5  
  128  13:30  Disruptor  
  139  13:38  Probe  
  137  13:41  Assimilator  
  137  13:44  Assimilator  
  137  13:46  Disruptor (Chrono Boost)  
  138  13:59  Dark Templar x3  
  144  14:10  Disruptor (Chrono Boost)  
  147  14:23  Disruptor (Chrono Boost)  
  150  14:25  Protoss Ground Armor Level 2  
  150  14:29  Nexus  
  150  14:30  Pylon  
  141  14:41  Zealot x5  
  133  15:02  Zealot x7  
  131  15:09  Disruptor (Chrono Boost)  
  122  15:18  Stalker  
  122  15:20  Assimilator  
  108  15:31  High Templar x4  
  115  15:37  Archon x2  
  115  15:40  Nexus, Dark Templar  
  115  15:42  Disruptor (Chrono Boost)  
  120  15:58  Stalker x3, Probe, Disruptor (Chrono Boost)  
  130  16:11  Stalker x2  
  137  16:22  Disruptor (Chrono Boost)  
  133  16:26  Disruptor (Chrono Boost)  
  128  16:48  Stalker x5  
  128  16:53  Dark Templar  
  128  17:08  Stalker x2  
  127  17:17  Stalker x3  
  128  17:22  Zealot x2  
  124  17:42  Assimilator, Probe  
  123  17:48  Stalker x5  
  129  17:58  Stalker x3  
  135  18:18  Stalker x4  
  137  18:39  Disruptor  
  140  18:48  Dark Templar  
  142  18:54  Nexus  
  138  18:56  Pylon  
  138  19:02  Nexus  
  136  19:10  Zealot x4  
  134  19:29  Stalker x2  
  134  19:42  Probe x3  
  135  19:54  Probe  
  136  20:03  Stalker x2  
  135  20:18  Disruptor  
  135  20:19  Disruptor  
  136  20:22  Probe  
  131  20:32  Dark Templar  
  131  20:34  Probe  
  134  20:38  Assimilator  
  134  20:42  Assimilator  
  134  20:46  Stalker x2  
  138  20:53  Stalker  
  138  20:54  Zealot x2  
  144  21:10  Zealot  
  144  21:11  Zealot x2  
  150  21:16  Disruptor  
  147  21:22  Stalker x4  
  122  21:38  Stalker x3  
  98  22:15  Stalker x6  
  101  22:26  Dark Templar  
  101  22:28  Pylon  
  103  22:41  Stalker x2  
  103  22:55  Stalker x2  
  107  23:09  Zealot x4  
  76  23:43  Disruptor x2 (Chrono Boost)  
  76  23:46  Stalker, Zealot x3  
  74  24:02  Zealot x3  
  61  24:44  Nexus  

Tags
 
Add a new tag
Caveats
  • Supply blocks, unpowered buildings, or Contaminate may cause inaccurate times.
  • Supply counts are checked every 10 seconds.